 Dungeon Crawl Stone Soup version 0.31.0-11-ge490571c62 (webtiles) character file.

Game seed: 11539249984158874611

15 CyriusSolstice the Chiller (level 2, -1/13 HPs)
             Began as a Felid Ice Elementalist on Jan 31, 2024.
             Was a Believer of Jiyva.
             Succumbed to an adder's poison
             ... on level 2 of the Dungeon.
             The game lasted 00:05:19 (992 turns).

CyriusSolstice the Chiller (Felid Ice Elementalist)  Turns: 992, Time: 00:05:20

Health: -1/13      AC:  1    Str:  4    XL:     2   Next: 34%
Magic:  4/6        EV: 17    Int: 18    God:    Jiyva [**....]
Gold:   26         SH:  0    Dex: 16    Spells: 4/5 levels left
                                        Lives:  0   Deaths: 1

rFire   . . .        (weapon unavailable)
rCold   . . .        (shield unavailable)
rNeg    . . .        (body armour unavailable)
rPois   .            (helmet unavailable)
rElec   .            (cloak unavailable)
rCorr   +            (gloves unavailable)
SInv    +            (boots unavailable)
Will    .....        (no amulet)
Stlth   ++           (no ring)
HPRegen 1.18/turn    (no ring)
MPRegen 0.58/turn

%: no passive effects
@: lethally poisoned (-1 -> -5)
A: very small, claws 1, fangs 3, see invisible, shaggy fur 1, stealthy paws, no
weapons or thrown items, no armour, multi-lived
a: Renounce Religion


You were on level 2 of the Dungeon.
You worshipped Jiyva.
Jiyva was pleased with you.
You visited 1 branch of the dungeon, and saw 2 of its levels.

You collected 26 gold pieces.

Inventory:

Scrolls
 b - a scroll of blinking {unknown}
Potions
 a - a potion of magic


   Skills:
 + Level 2.6 Dodging
 + Level 2.9 Stealth
 + Level 2.3 Spellcasting
 + Level 3.9 Ice Magic


You had 4 spell levels left.
You knew the following spells:

 Your Spells              Type           Power      Damage    Failure   Level
a - Freeze                Ice            64%        1d7       3%          1

Your spell library contained the following spells:

 Spells                   Type           Power      Damage    Failure   Level
 Frozen Ramparts          Ice            32%        1d5       11%         3
 Ozocubu's Armour         Ice            16%        N/A       11%         3
 Ensorcelled Hibernation  Hex/Ice        18%        N/A       12%         2
 Summon Ice Beast         Ice/Summ       9%         N/A       24%         3
 Passwall                 Erth           2%         N/A       47%         3
 Swiftness                Air            2%         N/A       47%         3


Dungeon Overview and Level Annotations

Branches:
Dungeon (2/15)

Altars:
Qazlal
Jiyva

Annotations:
D:2 1 runed translucent door, Crazy Yiuf


Innate Abilities, Weirdness & Mutations

You have sharp claws.
You have razor-sharp teeth.
You have supernaturally acute eyesight. (SInv)
You are covered in fur. (AC +1)
Your paws help you pounce on unaware monsters.
You are incapable of wielding weapons or throwing items.
You cannot wear armour.
You gain extra lives every three experience levels.


Message History

You freeze the adder.
The adder is lightly wounded.
The adder seems to slow down.
The adder is no longer moving slowly.
The adder bites you.
You are poisoned.
The adder poisons you!
Aiming: Freeze (safe; 3% risk of failure)
Press: ? - help, Q - select action Shift-Dir - straight line, f/p - adder
Aim: an adder You freeze the adder.
The adder is lightly wounded.
You feel sick. The adder bites you.
You are more poisoned.
The adder poisons you!
Aiming: Freeze (safe; 3% risk of failure)
Press: ? - help, Q - select action Shift-Dir - straight line, f/p - adder
Aim: an adder (lightly wounded)
You freeze the adder.
The adder is lightly wounded.
The adder seems to slow down.
You feel very sick. The adder bites you.
* * * LOW HITPOINT WARNING * * *
You are more poisoned.
The adder poisons you!
Aiming: Freeze (safe; 3% risk of failure)
Press: ? - help, Q - select action Shift-Dir - straight line, f/p - adder
Aim: an adder (lightly wounded, slow)
You freeze the adder.
The adder is moderately wounded.
* * * LOW HITPOINT WARNING * * *
You feel very sick.
The adder is no longer moving slowly.
The adder closely misses you.
Aiming: Freeze (safe; 3% risk of failure)
Press: ? - help, Q - select action Shift-Dir - straight line, f/p - adder
Aim: an adder (moderately wounded)
You freeze the adder!
The adder is almost dead.
The adder seems to slow down.
You die...

################ #
......S@.......##### ##
######..######.#...####.
#..# #.........~ #..#
##.##.....#~ ### #..#
#...#.._...~ #.. ....
...#.......#P #.###..#
###.........#P ≈≈♣~ #.#
#..# ##.#......## ≈≈≈~
##<## .# #.#####.###


You could see an adder (slow).

Vanquished Creatures
  4 goblins
  3 hobgoblins (D:1)
  A jackal (D:1)
  2 frilled lizards
  3 kobolds (D:1)
  A rat (D:2)
14 creatures vanquished.

Vanquished Creatures (others)
  Jessica (D:2)
  A ball python (D:2)
  2 endoplasms (D:2)
  A giant cockroach (D:1)
  2 hobgoblins (D:2)
  2 jackals (D:1)
  A kobold (D:2)
  A rat (D:1)
11 creatures vanquished.

Grand Total: 25 creatures vanquished

Notes
Turn   | Place    | Note
-------+----------+-------------------------------------------
     0 | D:1      | CyriusSolstice the Felid Ice Elementalist began the quest
                  | for the Orb.
     0 | D:1      | Reached XP level 1. HP: 9/9 MP: 4/4
    36 | D:1      | Slain by a jackal
    36 | D:1      | Lost a life (0 lives remaining)
   299 | D:1      | Found a faded altar of an unknown god.
   304 | D:1      | Prayed at the altar of an unknown god.
   304 | D:1      | Became a worshipper of Jiyva Janleypt the Shapeless
   304 | D:1      | Reached * piety under Jiyva
   559 | D:1      | Reached XP level 2. HP: 9/13 MP: 4/6
   808 | D:2      | Reached ** piety under Jiyva
   847 | D:2      | Killed Jessica
   891 | D:2      | Found a runed translucent door.
   892 | D:2      | Noticed Crazy Yiuf
   941 | D:2      | Found a stormy altar of Qazlal.
   992 | D:2      | Succumbed to an adder's poison

Illustrated notes

Levels and vault maps discovered:
D:1:      lightli_arrival_lavapool, layout_basic, basic_ecumenical_altar
D:2:      minmay_inner_zag, layout_loops_ring, serial_bayou,
          serial_bayou_lagoon_a, serial_bayou_ford_a, serial_bayou_pond_d,
          serial_bayou_lake_a, basic_altar, minmay_door_square,
          kennysheep_minor_cross, uniq_jessica, uniq_crazy_yiuf_cottage

Action                     || total
---------------------------++-------
  Melee: Unarmed           ||     6
         Bite              ||     2
   Cast: Freeze            ||    26
 Armour: Skin              ||    18
  Dodge: Dodged            ||    43
